Map: Graystone Ravine

Players

pta - Winner!

  • Race: Zerg Zerg
  • Spawn Location: 3:00

A.I. 1 (Hard)

  • Race: Terran Terran
  • Spawn Location: 9:00

VOD

Have the link to the VOD?

Description

Time

  • Played on: April 14, 2019, 10:06 p.m.
  • Length: 20:45
Show
View Real Time Build Order
Export as new Build Order

pta Zerg - Winner!

Build Orders: Hatch First, Lurkers, Roach Hydra 

Get SALT Encoding   

  12  0:32  Drone  
  12  0:35  Drone  
  14  0:37  Hatchery  
  14  0:40  Drone  
  14  0:59  Spawning Pool  
  14  1:03  Extractor  
  12  1:05  Extractor  
  12  1:06  Drone  
  12  1:10  Drone  
  13  1:15  Drone  
  14  1:25  Overlord  
  14  1:53  Drone  
  15  2:01  Queen  
  17  2:14  Lair  
  17  2:17  Drone x3  
  20  2:31  Zergling x2  
  20  2:32  Zergling x4  
  20  2:33  Zergling x2  
  24  2:43  Drone  
  25  2:47  Overlord  
  25  2:59  Queen  
  27  3:14  Roach Warren  
  27  3:15  Drone x2  
  28  3:21  Drone  
  28  3:25  Drone  
  30  3:30  Zergling x2  
  30  3:31  Zergling x2  
  32  3:37  Overlord  
  32  3:48  Drone x2  
  34  4:00  Drone x3  
  37  4:14  Roach x3  
  37  4:15  Overlord  
  43  4:24  Spine Crawler  
  43  4:25  Spine Crawler  
  43  4:29  Spine Crawler  
  40  4:35  Roach  
  40  4:37  Roach  
  44  4:51  Glial Reconstitution  
  44  5:07  Hydralisk Den  
  44  5:08  Drone x2  
  45  5:16  Drone  
  45  5:17  Drone  
  45  5:18  Drone  
  48  5:22  Extractor  
  48  5:23  Extractor  
  48  5:26  Drone x2  
  48  5:27  Drone  
  45  5:41  Hydralisk x4  
  51  5:45  Overlord  
  51  5:55  Evolution Chamber, Grooved Spines  
  50  5:57  Drone  
  51  6:10  Drone x2  
  53  6:17  Overlord  
  53  6:24  Zerg Ground Armor Level 1  
  53  6:27  Drone  
  54  6:32  Hydralisk  
  54  6:34  Roach  
  54  6:39  Overlord  
  58  6:48  Overseer  
  58  7:01  Overseer  
  58  7:05  Overlord, Drone x5  
  63  7:09  Muscular Augments  
  63  7:25  Hydralisk x2  
  63  7:26  Hydralisk  
  63  7:29  Roach x2  
  73  7:33  Overlord  
  73  7:40  Drone x3  
  73  7:42  Drone  
  77  8:03  Hydralisk x5  
  87  8:06  Overlord  
  87  8:20  Lurker Den  
  87  8:22  Zerg Missile Weapons Level 1  
  87  8:24  Metabolic Boost  
  86  8:42  Infestation Pit  
  86  8:47  Spire  
  84  9:17  Drone x4  
  86  9:18  Spine Crawler  
  86  9:19  Overlord x5  
  86  9:21  Spine Crawler  
  76  9:43  Hydralisk  
  76  9:44  Hydralisk x4  
  86  9:46  Roach x5  
  86  9:48  Roach  
  98  9:56  Hive  
  98  10:15  Zerg Flyer Armor Level 1  
  98  10:16  Zerg Melee Weapons Level 1  
  98  10:24  Lurker x2  
  98  10:27  Lurker  
  101  10:30  Lurker  
  102  10:41  Hatchery  
  101  10:52  Extractor x2, Mutalisk x5  
  109  11:16  Hydralisk x5  
  119  11:29  Evolution Chamber  
  118  11:38  Drone x3  
  121  11:41  Drone x3  
  124  11:54  Zerg Ground Armor Level 2  
  124  12:10  Greater Spire, Zerg Missile Weapons Level 2  
  124  12:13  Overlord x4  
  124  12:20  Drone x3  
  127  12:29  Mutalisk x4  
  127  12:30  Mutalisk  
  127  12:34  Drone  
  138  12:43  Overseer  
  138  12:44  Overseer  
  138  12:50  Drone  
  139  12:57  Overlord x5  
  139  13:39  Corruptor  
  139  13:40  Corruptor x3  
  139  13:41  Corruptor x2  
  147  13:42  Corruptor x2  
  143  14:22  Lurker x2  
  145  14:37  Brood Lord  
  145  14:38  Brood Lord x2  
  151  14:42  Brood Lord  
  153  14:46  Drone x3  
  156  14:57  Brood Lord  
  158  15:06  Brood Lord  
  160  15:14  Brood Lord  
  162  15:21  Zerg Flyer Weapons Level 1  
  162  15:39  Spore Crawler  
  162  15:40  Spine Crawler  
  162  15:41  Spine Crawler  
  159  15:45  Spore Crawler  
  158  16:33  Brood Lord  
  140  18:15  Zergling x14  
  140  18:16  Zergling x16  
  140  18:17  Zergling x12  
  140  18:18  Zergling x16  
  140  18:19  Zergling x12  
Show
View Real Time Build Order
Export as new Build Order

A.I. 1 (Hard) Terran 

Build Orders:  

Get SALT Encoding   

  12  0:00  SCV  
  13  0:13  SCV  
  14  0:19  Supply Depot  
  14  0:25  SCV  
  15  0:41  SCV  
  16  0:44  Barracks  
  16  0:48  Refinery  
  16  0:53  SCV  
  17  1:05  SCV  
  18  1:17  SCV  
  19  1:20  Supply Depot  
  19  1:29  SCV  
  19  1:31  Marine  
  21  1:40  Barracks  
  21  1:41  Orbital Command  
  21  1:48  Refinery  
  21  1:49  Barracks Tech Lab  
  21  2:05  Supply Depot  
  21  2:07  Marine  
  22  2:25  Marine  
  22  2:26  Marine  
  24  2:38  Supply Depot  
  24  2:43  Marine  
  25  2:44  Marine  
  26  2:51  SCV  
  27  3:00  Marine  
  27  3:02  Marine  
  27  3:03  SCV, Engineering Bay  
  30  3:15  SCV  
  30  3:18  Marine  
  32  3:20  Marine  
  32  3:22  Supply Depot  
  33  3:28  SCV  
  34  3:37  Marauder  
  34  3:38  Marine  
  34  3:40  SCV  
  38  3:52  SCV  
  39  3:58  Marauder  
  41  4:19  Marauder  
  43  4:55  Barracks Tech Lab  
  43  4:56  Stimpack, Terran Infantry Weapons Level 1  
  43  4:58  Factory  
  43  5:00  Factory  
  43  5:05  Missile Turret  
  43  5:09  Marauder  
  43  5:11  Missile Turret  
  43  5:13  Concussive Shells  
  45  5:16  Marauder  
  47  5:21  Supply Depot  
  46  5:30  Marauder  
  46  5:34  Bunker  
  38  5:36  Command Center, Marine  
  38  5:41  Factory Tech Lab  
  33  5:45  Starport  
  33  5:49  Factory Tech Lab, Starport  
  33  5:51  Marine  
  33  5:54  Marine  
  33  5:56  Combat Shield  
  35  6:09  Marauder  
  37  6:13  Marauder  
  39  6:22  Ghost Academy, Starport Tech Lab  
  39  6:25  Starport Tech Lab  
  39  6:30  Marine  
  40  6:34  Marauder  
  42  6:42  Raven  
  44  6:48  SCV, Marine  
  44  6:50  SCV  
  44  6:51  Terran Infantry Armor Level 1  
  47  6:55  Marine  
  47  7:00  SCV  
  49  7:02  SCV, Refinery  
  49  7:05  Refinery  
  49  7:06  Marine  
  51  7:12  Ghost, SCV, Missile Turret  
  51  7:14  SCV  
  55  7:20  Raven  
  55  7:22  Missile Turret  
  57  7:23  Marine  
  57  7:25  SCV  
  57  7:26  SCV  
  61  7:37  SCV  
  61  7:38  SCV, Sensor Tower  
  61  7:41  Marine  
  61  7:43  Marine  
  64  7:46  Bunker  
  64  7:49  SCV  
  64  7:50  SCV  
  66  8:00  Armory  
  66  8:01  SCV  
  66  8:02  SCV  
  68  8:13  SCV  
  68  8:15  SCV  
  68  8:17  Barracks  
  70  8:21  Supply Depot  
  70  8:25  SCV  
  71  8:27  SCV  
  72  8:37  SCV  
  72  8:39  SCV  
  74  8:58  Viking, Medivac  
  74  9:01  Supply Depot  
  78  9:03  Barracks Reactor  
  78  9:05  Siege Tank  
  81  9:15  Command Center  
  81  9:24  Marine  
  81  9:26  Supply Depot  
  81  9:28  Medivac, Raven  
  79  9:31  Marine  
  59  9:42  Marine  
  59  9:44  Marine  
  61  9:50  Marine  
  62  9:57  Marine  
  62  9:58  Raven  
  65  10:04  Marauder  
  67  10:10  Marauder  
  67  10:11  Medivac  
  71  10:16  Marine  
  72  10:23  Marine  
  72  10:27  Supply Depot  
  73  10:29  Marine  
  73  10:32  Refinery  
  74  10:35  Marine  
  74  10:37  Refinery  
  74  10:41  Raven  
  77  10:47  Marauder, SCV  
  77  10:49  SCV  
  81  10:50  SCV  
  81  10:54  Marauder  
  81  10:55  Viking  
  86  10:59  SCV  
  86  11:00  Terran Infantry Weapons Level 2  
  86  11:01  SCV, Thor  
  86  11:02  SCV  
  95  11:08  Siege Tank  
  95  11:11  SCV  
  99  11:13  SCV  
  99  11:15  Marauder, SCV  
  99  11:17  Supply Depot  
  103  11:20  Terran Vehicle Weapons Level 1  
  103  11:21  Marauder  
  103  11:23  SCV  
  103  11:25  SCV  
  107  11:27  SCV  
  108  11:33  Missile Turret  
  108  11:35  SCV  
  108  11:36  Missile Turret  
  108  11:37  SCV  
  110  11:40  Siege Tank  
  110  11:44  Cyclone  
  110  11:46  Fusion Core  
  116  11:49  Engineering Bay  
  116  11:52  Armory  
  116  11:56  Bunker  
  116  12:14  Terran Infantry Armor Level 2  
  116  12:39  Terran Ship Weapons Level 1  
  116  13:14  Terran Vehicle And Ship Armor Level 1  
  116  13:23  Ghost  
  116  13:24  Terran Infantry Weapons Level 3  
  116  13:26  Supply Depot  
  120  13:27  Widow Mine  
  120  13:29  Ghost  
  120  13:33  Widow Mine  
  124  13:35  Marine  
  124  13:38  Marine  
  126  13:50  Supply Depot, Widow Mine  
  126  13:52  Marine  
  126  13:54  Widow Mine  
  119  13:55  Marine  
  119  13:58  Marine  
  119  14:01  Marine  
  88  14:10  Marine  
  88  14:13  Marine  
  88  14:16  Marine  
  89  14:19  Marine  
  89  14:21  Raven  
  92  14:27  Ghost  
  94  14:31  Marine  
  94  14:32  Terran Vehicle Weapons Level 2  
  94  14:33  Terran Infantry Armor Level 3  
  94  14:34  Command Center, Raven, Marine  
  94  14:37  Marine  
  99  14:44  Personal Cloaking  
  99  14:49  Marine  
  99  14:52  Marine  
  101  14:55  Marine  
  101  14:56  Ghost  
  104  15:07  Terran Ship Weapons Level 2  
  104  15:12  Ghost  
  106  15:17  Drilling Claws  
  106  15:25  Marauder  
  108  15:41  Marauder  
  110  15:45  Rapid Reignition System  
  110  15:46  Ghost  
  112  15:57  Refinery  
  112  16:00  Missile Turret x2  
  112  16:01  Neosteel Armor  
  112  16:02  Refinery  
  112  16:03  Marauder  
  114  16:15  Marauder  
  116  16:20  Bunker  
  116  17:03  Siege Tank  
  116  17:08  Siege Tank  
  122  17:10  Hi-Sec Auto Tracking  
  104  17:15  Marine  
  104  17:17  Raven  
  104  17:20  Marine  
  76  17:23  Medivac  
  76  17:25  Marine  
  73  17:30  Marine  
  73  17:35  Marine  
  75  17:41  Marine  
  76  17:46  Marine  
  76  17:50  Hellion  
  79  17:53  Medivac  
  79  17:54  Marauder  
  79  17:57  Hellion  
  82  18:00  Medivac  
  82  18:01  Marauder, SCV  
  82  18:03  SCV  
  82  18:05  SCV  
  75  18:06  Marine  
  75  18:07  SCV  
  75  18:11  Hellion  
  69  18:17  Marauder, SCV  
  69  18:19  Hellion, SCV  
  69  18:22  Marauder, Raven  
  69  18:26  Marine  
  50  18:29  Medivac, SCV  
  50  18:31  SCV  
  50  18:33  Hellion  
  53  18:35  Supply Depot, Marine  
  53  18:40  Marine  
  53  18:41  SCV  
  53  18:43  SCV  
  53  18:45  Hellion  
  51  18:53  SCV  
  51  18:55  SCV  
  46  18:59  Marauder  
  45  19:06  SCV  
  45  19:07  SCV  
  38  19:18  Command Center  
  38  19:19  SCV  
  38  19:22  Command Center  
  25  19:50  Command Center  
  24  20:01  Supply Depot  
  24  20:02  Supply Depot  
Tags
 
Add a new tag
Caveats
  • Supply blocks, unpowered buildings, or Contaminate may cause inaccurate times.
  • Supply counts are checked every 10 seconds.